Cogmind - Beta 11 @@@ ROGUE MODE // 2022.04.07 @ 15:57:55 Player: Virvatuli Result: Destroyed by S-10 Pest with Light Assault Rifle Performance ------------- Evolutions (0) 0 Regions Visited (1) 200 Robots Destroyed (12) 60 Value Destroyed (256) 256 Prototype IDs (1) 20 Alien Tech Used (0) 0 Bonus (0) 0 TOTAL SCORE: 536 Bonus ------- None Cogmind --------- Core Integrity 0/250 Matter 285/300 Energy 265/265 System Corruption 3% Temperature Warm (134) Movement Flying (120) Ox1 Location -10/Materials Parts ------- > --- POWER (1) -------- Improved Ion Engine > --- PROPULSION (2) --- Flight Unit > --- UTILITY (2) ------ Weight Redist. System Visual Processing Unit > --- WEAPON (2) ------- Advanced Beam Cannon Advanced Beam Cannon > --- INVENTORY (5) ---- (None) Peak State ------------ > --- POWER ------------ Improved Ion Engine > --- PROPULSION ------- Flight Unit Flight Unit > --- UTILITY ---------- Weight Redist. System Visual Processing Unit > --- WEAPON ----------- Advanced Beam Cannon Advanced Beam Cannon > --- INVENTORY -------- (None) [Rating: 14] Favorites ----------- Power Improved Ion Engine Engine Improved Ion Engine Propulsion Aluminum Leg Leg Aluminum Leg Flight Unit Flight Unit Utility Small Storage Unit Device Field Recycling Unit Storage Small Storage Unit Processor Signal Interpreter Protection Propulsion Shielding Weapon Assault Rifle Energy Gun EM Pulse Gun Energy Cannon Advanced Beam Cannon Ballistic Gun Assault Rifle Slashing Weapon Mining Claw Build | -11 -10 ------- Run | Scr Mat Slots Evolved . | . . Power . | . . Propulsion . | . . Utility . | . . Weapon . | . . Parts Attached 23 | 7 16 Power 4 | 1 3 Engine 4 | 1 3 Core . | . . Reactor . | . . Propulsion 6 | 2 4 Treads . | . . Leg 2 | 2 . Wheel . | . . Hover . | . . Flight 4 | . 4 Utility 6 | 1 5 Device 2 | . 2 Storage 1 | 1 . Processor 2 | . 2 Hackware . | . . Protection 1 | . 1 Artifact . | . . Weapon 7 | 3 4 Energy Gun 1 | 1 . Energy Cannon 2 | . 2 Ballistic Gun 3 | 2 1 Ballistic Cannon . | . . Launcher . | . . Special Weapon . | . . Impact Weapon . | . . Slashing Weapon 1 | . 1 Piercing Weapon . | . . Special Melee Weapon . | . . Unidentified Prototypes 1 | . 1 Parts Lost 5 | . 5 Power 1 | . 1 Propulsion 2 | . 2 Utility . | . . Weapon 2 | . 2 Highest Loss Streak 2 | . 2 To Critical Strikes . | . . Average Slot Usage (%) 83 | . 83 Engine 13 | . 13 Leg 11 | . 11 Flight 15 | . 15 Device 2 | . 2 Storage 5 | . 5 Processor 10 | . 10 Protection 5 | . 5 Energy Gun 4 | . 4 Energy Cannon 1 | . 1 Ballistic Gun 9 | . 9 Slashing Weapon 1 | . 1 Naked Turns . | . . Heaviest Build 16 | 14 16 Greatest Support 20 | 20 20 Greatest Overweight (x) 2 | 1 2 Average Overweight (x) . | . . Largest Inventory Capacity 8 | 8 8 Average Capacity 6 | 7 6 Most Carried 7 | 6 7 Average Carried 2 | 3 2 Final Capacity 8 | 8 8 Final Carried 6 | 6 4 Class Distribution -------------------- 100% | Mutant Dominant Class ---------------- Mutant | -10/Materials Resources | -11 -10 ----------- Run | Scr Mat Matter Collected 382 | 209 173 Remotely . | . . Salvage Created 272 | . 272 Parts 29 | . 29 Haulers Intercepted . | . . Recyclers Shooed 1 | . 1 Parts Field Recycled 17 | . 17 Retrieved Matter 90 | . 90 Parts Self-Destructed . | . . Prevented . | . . Kills | -11 -10 ------- Run | Scr Mat Combat Hostiles Destroyed 9 | . 9 Melee 1 | . 1 Guns 3 | . 3 Cannons 2 | . 2 AOE 3 | . 3 Classes Destroyed 4 | . 4 Builder 1 | . 1 Watcher 2 | . 2 Swarmer 5 | . 5 Grunt 4 | . 4 Best Kill Streak 4 | . 4 Combat Bots Only 3 | . 3 Max Kills in Single Turn 4 | . 4 Gunslinging . | . . Exploded 3 | . 3 Melee 1 | . 1 Uniques/NPCs Destroyed . | . . Combat | -11 -10 -------- Run | Scr Mat Damage Taken 689 | . 689 Core 254 | . 254 Absorbed by Shields . | . . Redirected to Shielding 18 | . 18 Core Remaining (%) 100 | 100 . Volleys Fired 33 | . 33 Largest 2 | . 2 Hottest 136 | . 136 Shots Fired 47 | . 47 Gun 39 | . 39 Cannon 8 | . 8 Launcher . | . . Special . | . . Kinetic 28 | . 28 Thermal 8 | . 8 Explosive . | . . Electromagnetic 11 | . 11 Robot Hit Streak 5 | . 5 Robot Miss Streak 12 | . 12 Penetration Max . | . . Secondary Targets 1 | . 1 Max Gunslinging Chain 1 | . 1 Shots Hit Robots 23 | . 23 Core Hits 16 | . 16 Critical Kills . | . . Critical Parts Destroyed 1 | . 1 Critical Strikes 1 | . 1 Destroy 1 | . 1 Melee Attacks 3 | . 3 Impact . | . . Slashing 3 | . 3 Piercing . | . . Sneak Attacks . | . . Combat Hostiles . | . . Follow-up Attacks . | . . Damage Inflicted 654 | . 654 Guns 209 | . 209 Cannons 123 | . 123 Explosions 269 | . 269 Melee 50 | . 50 Ramming 3 | . 3 Kinetic 164 | . 164 Thermal 123 | . 123 Explosive 269 | . 269 Electromagnetic 45 | . 45 Impact . | . . Slashing 50 | . 50 Piercing . | . . Highest Corruption 3 | . 3 Average Corruption 1 | . 1 Corruption Purged . | . . Corruption Blocked . | . . Effects 1 | . 1 Data Loss (minor) 1 | . 1 Overload Shots . | . . Overflow Damage 1 | . 1 Projectiles 1 | . 1 Explosions . | . . Melee . | . . Knockbacks . | . . Impact . | . . Kinetic . | . . Secondary . | . . Self-Inflicted Damage 1 | . 1 Shots . | . . Rammed 1 | . 1 Targets Rammed 1 | . 1 Kicked . | . . Crushed . | . . Highest Temperature 305 | . 305 Average Temperature 109 | . 109 Received Heat Transfer 246 | . 246 Effects 4 | . 4 Interference 4 | . 4 Siege Activations . | . . Robots Corrupted . | . . Combat Hostiles . | . . Parts Fried . | . . Impact Corruptions . | . . Robots Melted . | . . Combat Hostiles . | . . Parts Melted . | . . Heat Transferred 222 | . 222 Parts Sabotaged . | . . Parts Stolen . | . . Parts Stripped . | . . Power Chain Reactions . | . . Missiles Intercepted . | . . Alert | -11 -10 ------- Run | Scr Mat Peak Influence 273 | . 273 Initial . | . . Average 128 | . 155 Maximum Alert Level 1 | . 1 Low Security (%) 66 | 100 59 Level 1 33 | . 40 Level 2 . | . . Level 3 . | . . Level 4 . | . . Level 5 . | . . High Security . | . . Max Security . | . . Squads Dispatched 1 | . 1 Investigation . | . . Extermination . | . . Reinforcement 1 | . 1 Assault . | . . Garrison . | . . Intercept . | . . Searches Triggered . | . . Construction Impeded . | . . Haulers Reinforced . | . . Active Scanning Responses . | . . Cargo Convoy Interrupts . | . . Stealth | -11 -10 --------- Run | Scr Mat Distress Signals 2 | . 2 Communications Jammed . | . . Distress Signals . | . . Times Spotted 19 | . 19 Peak Tracking Total 3 | . 3 Tactical Retreats 3 | . 3 Traps | -11 -10 ------- Run | Scr Mat Traps Triggered 1 | . 1 Indirectly . | . . Trap Hack Attempts . | . . Triggered . | . . Disarmed . | . . Reprogrammed . | . . Reused . | . . Traps Extracted . | . . Installed . | . . Triggered . | . . Machines | -11 -10 ---------- Run | Scr Mat Machines Disabled 2 | . 2 Max in Single Turn 2 | . 2 Machines Sabotaged . | . . Garrisons Compromised . | . . Overloaded Fab Kills . | . . Hacking | -11 -10 --------- Run | Scr Mat Machines Accessed 2 | . 2 Terminals 1 | . 1 Fabricators . | . . Repair Stations . | . . Recycling Units 1 | . 1 Scanalyzers . | . . Garrison Access . | . . Total Hacks 8 | . 8 Successful 7 | . 7 Failed 1 | . 1 Catastrophic . | . . Database Lockouts . | . . Manual 2 | . 2 Terminals 3 | . 3 Fabricators . | . . Repair Stations . | . . Recycling Units 5 | . 5 Scanalyzers . | . . Garrison Access . | . . Terminal Hacks 2 | . 2 Alert Level 1 | . 1 Recall Reinforcements 1 | . 1 Fabricator Hacks . | . . Repair Station Hacks . | . . Recycling Unit Hacks 5 | . 5 Recycle Component 3 | . 3 Process 1 | . 1 Report Inventory 1 | . 1 Scanalyzer . | . . Garrison Access Hacks . | . . Unauthorized Hacks . | . . Terminals . | . . Fabricators . | . . Repair Stations . | . . Recycling Units . | . . Scanalyzers . | . . Garrison Access . | . . Data Cores Recovered . | . . Used . | . . Hacking Detections 2 | . 2 Full Trace Events 2 | . 2 Feedback Events 1 | . 1 Corruption 1 | . 1 Feedback Blocked . | . . Robot Schematics Acquired . | . . Robots Built . | . . Authchips . | . . Time . | . . Total Robot Build Rating . | . . Part Schematics Acquired . | . . Parts Built . | . . Authchips . | . . Time . | . . Total Part Build Rating . | . . Parts Repaired . | . . Time . | . . Parts Recycled 3 | . 3 Recycled Matter 195 | . 195 Retrieved Matter . | . . Retrieved Components . | . . Parts Scanalyzed . | . . Part Schematics Acquired . | . . Parts Damaged . | . . Bothacking | -11 -10 ------------ Run | Scr Mat Used RIF Installer . | . . Robots Hacked . | . . Non-combat . | . . Combat . | . . Robot Hacks Applied . | . . Relay Couplers Released . | . . Fabnet Peak Effective % . | . . Robots Rewired . | . . Allies Hacked . | . . Hacks Repelled . | . . Allies | -11 -10 -------- Run | Scr Mat Total Allies . | . . Largest Group . | . . Highest-Rated Group . | . . Highest-Rated Ally . | . . Total Orders . | . . Ally Attacks . | . . Total Damage . | . . Kills . | . . Allies Corrupted . | . . Allies Melted . | . . Intel | -11 -10 ------- Run | Scr Mat Robot Analysis Total . | . . Derelict Logs Recovered . | . . Drone Launches . | . . Drone Recoveries . | . . Exploration | -11 -10 ------------- Run | Scr Mat Turns Passed 655 | 114 541 Spaces Moved 573 | 77 496 Core 7 | 7 . Treads . | . . Legs 194 | 70 124 Wheels . | . . Hover . | . . Flight 372 | . 372 Fastest Speed 37 | 50 37 Average Speed 79 | 119 73 Slowest Speed 200 | 190 200 Overloaded Moves . | . . Propulsion Burnouts . | . . Robots Hopped 3 | . 3 Cave-ins Triggered . | . . Exploration Rate (%) 28 | 5 52 Regions Visited 1 Branch Regions . Pre-discovered Areas . | . . Known Exits Taken . | . . Unknown Exits Taken 1 | 1 . Scrap Searched . | . . Spaces Dug . | . . Terrain Destroyed 18 | . 18 Melee . | . . Projectile . | . . AOE 18 | . 18 Terrain Rammed . | . . Walls Destroyed . | . . Machines Disabled . | . . Actions | -11 -10 --------- Run | Scr Mat Total 714 | 95 619 Wait 57 | 6 51 Move 566 | 76 490 Hop 3 | . 3 Pick Up 14 | 6 8 Fast Attach 11 | 6 5 Attach 6 | . 6 Detach 1 | . 1 Swap 6 | 1 5 Drop 13 | . 13 Fire 33 | . 33 Melee 3 | . 3 Ram 1 | . 1 Kick . | . . Crush . | . . Escape Stasis . | . . Rewire . | . . Trap . | . . Miscellaneous . | . . Route ------- -11/Scrapyard -10/Materials (discovered 1 exit: [*Mat]) History --------- Turn | Location | Event 16 | -11/Scrapyard | Discovered new exit (range 15) 115 | -11/Scrapyard | Entered Materials 268 | -10/Materials | Discovered new exit (range 15) 303 | -10/Materials | Build established: Mutant 513 | -10/Materials | Core integrity fell below 50% 609 | -10/Materials | Core integrity fell below 20% 656 | -10/Materials | Destroyed by S-10 Pest with Light Assault Rifle Last Messages --------------- 00623_ Dropped Imp. Ion Engine. 00626_ Acquired Weight Redist. System. 00627_ Discarded Signal Interpreter. 00633_ Acquired Adv. Beam Cannon. 00635_ G-34 Mercenary destroyed. 00638_ Flight Unit destroyed. 00640_ K-01 Serf collects debris. 00641_ G-47 Trooper destroyed. 00643_ Overheating: System interference. 00643_ Adv. Beam Cannon temporarily disabled. 00643_ Visual Processing Unit temporarily disabled. 00643_ Adv. Beam Cannon temporarily disabled. 00643_ K-01 Serf collects debris. 00644_ Destroyed Lgt. Ion Engine. 00645_ Overheating: System interference. 00645_ Adv. Beam Cannon temporarily disabled. 00647_ K-01 Serf collects debris. 00651_ R-06 Scavenger collects Imp. Ion Engine. 00652_ Acquired 20 matter. 00654_ K-01 Serf collects debris. Map ----- +----------------------------------------------------+ | ?????###+####### ##### #??????????"" """""?? | | ???????????????# #####???# #????????### ### ###? | | ???????????????# ??????### ########## ## | | ???????????????#???????# | | ???????????????????????# | | ???????????????????????# !!= | | ???????????????????????+ != """ """ | | ???????????????????????# != """ """ | | ???????????????????????# """ """ | | ???????????????????????# | | ???????????????????????# | | ???????????????????????# = | | ???????????????????????# o######## ########### | | ?????????????### ####### #??????# # #? | | ????????????? #??????# # #? | | ???????????? ^ k#####??# + """ #? | | ???????????????? !!#??# # """ #? | | ???????????????????????#s !#??# # "" """ #? | | ?????????????????? ????# r **#??# # "Y """ #? | | ?????????????????? """!#* k *#??# ### "" #? | | ????###########??? """%+[ #??# #?# #? | | ????# T #??? """=#== ]]#??# #?###########? | | ????# #??? ?#% #####??# #????????????? | | ????# """ #? ???#[ #??????# #????????????? | | ????# """"" #? !?????# #??????# #????????????? | | ????# """"" | # ???????# @ #??????# #????????????? | | ????# """"" #????????# #??????# #????????????? | | ????# """ #????????# #??????# #????????????? | | ????# #????????# #??????# #?????????? | | ????########/########### #??##### #?????????? | | ??????????# #### #?????????? | | ########### ###### #?????????# | | [## ###+####### #?????????# | | """ ## ## ## #?????????? | | """"" ## ## ## # #?????????? | | """"" ## ## ## ## ##?########? | | """"" ! ## ## ## ## #??? #? | | """ ## ## ## ## #???""" #? | | ## ## ########## #????"" ?? | | ## ## #????????# #????"" ?? | | ####+##### # #????????# < #????? ??? | | # #????????# #????? ???# # | | T # ####################+##### # | | ##+####### # ! + % = != # | | ##+############################## # | | # [ #?????????# # # | | ] # #?????????# + | | # """ """ """ #?????????# ######### | | # """ """ """ #?????????# #???????? | | # """ """ """ #?????????# #???????? | +----------------------------------------------------+ Best States ------------- Heat Dissipation 25 Energy Generation 12 Energy Capacity 265 Matter Stores 300 Matter Capacity 300 Sight Range 18 Terrain Scan Density 10 Additional Mass Support 6 Propulsion Shielding 33 Evasion (%) 62 Item Schematics ----------------- None Robot Schematics ------------------ None Fabricated ------------ Nothing Alien Tech Used ----------------- None Achievements -------------- None Challenges ------------ None Game ------ Seed StructuralScatterTrap Manual? 0 Play Time 00:15:14 Cumulative 11.5 hours Start 2022.04.07 @ 15:28:00 End 2022.04.07 @ 15:57:55 Sessions 1 Manual Loads 0 Difficulty Rogue Special Mode None Game No. 22 Rogue 22 Adventurer 0 Explorer 0 Win Type - Total 0 Types 0/0/0/0/0/0/0/0/0 Lore% 13 Gallery% 19 Achievement% 17 Wizard Run 0 Options --------- ASCII 0 Keyboard 0 Movement Numpad Keybinds 0 Fullscreen 2 Font 18/SmallcapsGlow Map View 76x50 Tactical HUD 1 Map Filters NONE Filters NONE Steam 1 RUN: 6f5bdcb2-313d-4346-91a1-b76fbff68e4a